 Dungeon Crawl Stone Soup version 0.32-a0-290-g598725c5f2 (webtiles) character file.

Game seed: 6706997733581122575

164 Dittersdorf the Covered (level 5, 0/33 HPs)
             Began as a Gargoyle Fighter on Feb 13, 2024.
             Slain by a goblin
             ... wielding a +0 dagger
             ... led by Robin
              (2 damage)
             ... on level 2 of the Dungeon.
             The game lasted 00:02:16 (1447 turns).

Dittersdorf the Covered (Gargoyle Fighter)          Turns: 1447, Time: 00:02:17

Health: 0/33       AC: 11    Str: 21    XL:     5   Next: 45%
Magic:  5/5        EV:  6    Int:  9    God:
Gold:   74         SH: 12    Dex:  9    Spells: 4/4 levels left

rFire   . . .        a - +1 flail
rCold   . . .        g - +0 tower shield
rNeg    + . .        b - +0 scale mail
rPois   ∞            (no helmet)
rElec   +            (no cloak)
rCorr   +            (no gloves)
SInv    .            (no boots)
Will    .....        (no amulet) Stlth
                     i - ring of resist corrosion
HPRegen 0.25/turn    (no ring)
MPRegen 0.09/turn

%: no passive effects
@: no status effects
A: sickness immunity, AC +4, negative energy resistance 1, electricity
resistance, torment resistance 1, petrification resistance
a: no special abilities


You were on level 2 of the Dungeon.
You visited 1 branch of the dungeon, and saw 2 of its levels.

You collected 74 gold pieces.

Inventory:

Hand Weapons
 a - a +1 flail (weapon)
Missiles
 e - 6 poisoned darts (quivered)
Armour
 b - a +0 scale mail (worn)
 g - a +0 tower shield (worn)
Jewellery
 i - a ring of resist corrosion (left hand)
Scrolls
 c - a scroll of identify {unknown}
 h - 3 scrolls of fog
Potions
 d - a potion of might
 f - 2 potions of heal wounds {unknown}


   Skills:
 + Level 4.3 Fighting
 + Level 3.1 Maces & Flails
 + Level 4.4 Armour
 + Level 4.2 Shields


You had 4 spell levels left.
You didn't know any spells.
Your spell library contained the following spells:

 Spells                   Type           Power      Damage    Failure   Level
 Freeze                   Ice            0%         1d3       100%        1
 Frozen Ramparts          Ice            0%         1d1       100%        3
 Hailstorm                Conj/Ice       0%         3d5       100%        3


Dungeon Overview and Level Annotations

Branches:
Dungeon (2/15)

Altars:

Shops:
D:1 (

Annotations:
D:2 Robin


Innate Abilities, Weirdness & Mutations

You are immune to sickness and miasma.
Your stone body is resilient. (AC +4)
You are immune to poison.
You resist negative energy. (rN+)
You are resistant to electric shocks. (rElec)
You are resistant to unholy torment.
You are immune to petrification.


Message History

The goblin closely misses you. You block the goblin's attack. x2
The goblin hits you with a +0 dagger. x2
You barely miss the goblin.
The goblin is severely wounded.
You block the goblin's attack. x2; The goblin barely misses you.
You block the goblin's attack. x2; Robin throws the goblin at you!
The goblin barely misses you. x2; The goblin hits you but does no damage. x4
You hit the goblin.
You kill the goblin!
You block the goblin's attack. The goblin barely misses you.
You block the goblin's attack. x3
You barely miss Robin. You block the goblin's attack. x4
The goblin hits you with a +0 dagger. The goblin hits you but does no damage.
The goblin hits you with a +0 dagger. x2
The goblin hits you but does no damage. The goblin completely misses you.
You closely miss Robin.
Robin says, "My army is invincible!"
You block the goblin's attack. The goblin hits you with a +0 club.
You block the goblin's attack. x3; The goblin hits you with a +0 dagger.
The goblin hits you but does no damage. x2; Robin completely misses you.
The goblin hits you with a +0 dagger.
* * * LOW HITPOINT WARNING * * *
The goblin hits you with a +0 club.
* * * LOW HITPOINT WARNING * * *
You are too injured to fight recklessly!
You are too injured to fight recklessly!
You are too injured to fight recklessly!
You are too injured to fight recklessly!
You are too injured to fight recklessly!
You are too injured to fight recklessly!
You are too injured to fight recklessly!
You are too injured to fight recklessly!
You are too injured to fight recklessly!
You barely miss the goblin.
The goblin no longer looks unusually strong.
The goblin hits you but does no damage. The goblin hits you with a +0 dagger.
* * * LOW HITPOINT WARNING * * *
You block the goblin's attack. The goblin hits you but does no damage.
The goblin hits you with a +0 dagger.
You die...

..### # ....##.#
#.........# #......#
#.........# ..#)###
###.........# #.#÷#
#...........#
#.#.####.##.........#.#
#...†<...##.....ggg...#
#...)###.##...ggggg.#
###..# #.##..###@##.#
#..###.......ggg..#
#######
#................##
#......
###..######..###.#.#
#.#...<
........)....###.#.#
#.#.###
##...............#.#
#.#†# ##..........#####
# ######.#.###
#.########.#
............. #.#
#.##### #######....>.


You could see Robin, a hobgoblin (strong) and 9 goblins.

Vanquished Creatures
  An orc wizard (D:2)
  5 adders (D:2)
  A dart slug (D:2)
  4 orcs (D:2)
  6 ball pythons
  3 endoplasms
  2 giant cockroaches (D:2)
  6 goblins
  6 hobgoblins
  4 jackals (D:1)
  6 bats
  2 frilled lizards
  2 kobolds (D:1)
  4 rats
52 creatures vanquished.

Notes
Turn   | Place    | Note
-------+----------+-------------------------------------------
     0 | D:1      | Dittersdorf the Gargoyle Fighter began the quest for the
                  | Orb.
     0 | D:1      | Reached XP level 1. HP: 14/14 MP: 1/1
    52 | D:1      | Reached XP level 2. HP: 19/19 MP: 2/2
   122 | D:1      | Reached XP level 3. HP: 10/23 MP: 3/3
   239 | D:1      | Found Neiq Zunt's Antique Weapon Boutique.
   789 | D:2      | Reached XP level 4. HP: 28/29 MP: 4/4
  1032 | D:2      | Reached XP level 5. HP: 18/33 MP: 5/5
  1102 | D:2      | Identified the +4 spear of a wizard's laboratory {elec,
                  | rC+}
  1438 | D:2      | Noticed Robin
  1447 | D:2      | Slain by a goblin

Illustrated notes

Levels and vault maps discovered:
D:1:      shiori_arrival_maze, layout_loops_cross, serial_shops, shop
D:2:      layout_loops_ring, uniq_robin

Skill      XL: |  1  2  3  4  5 |
---------------+----------------+-----
Armour         | 4 |  4.4
Fighting       | 4 |  4.3
Shields        | 4 |  4.2
Maces & Flails | 3 |  3.1

Action                     |  1- 3 |  4- 6 || total
---------------------------+-------+-------++-------
  Melee: Flail             |   106 |   101 ||   207
    Use: Scroll            |     5 |     1 ||     6
 Armour: Scale mail        |   137 |    98 ||   235
  Dodge: Dodged            |    90 |    43 ||   133
  Block: Buckler           |    48 |     7 ||    55
         Tower shield      |       |    59 ||    59

Table legend: (Time is in decaauts)
 A = Elapsed time spent in this place.
 B = Non-inter-level travel time spent in this place.
 C = Inter-level travel time spent in this place.
 D = Time resting spent in this place.
 E = Time spent auto-exploring this place.
 F = Levels seen in this place.
 G = Mean time per level.
                   A        B        C        D        E       F      G
               +--------+--------+--------+--------+--------+-----+--------+
         Total |   1517 |   1485 |     32 |     99 |    936 |   2 |  758.5 |
       Dungeon |   1517 |   1485 |     32 |     99 |    936 |   2 |  758.5 |
               +--------+--------+--------+--------+--------+-----+--------+

Top non-repeatable levels by time:
     D:1: 793 daAuts
     D:2: 723 daAuts
